 Dungeon Crawl Stone Soup version 0.31-a0-446-g07c4bd200f (webtiles) character file.

Game seed: 9706587881446611645

325 Ethylacetat the Trooper (level 6, -1/33 HPs)
             Began as a Vine Stalker Monk on Aug 3, 2023.
             Slain by an iguana (6 damage)
             ... on level 4 of the Dungeon.
             The game lasted 00:03:57 (2207 turns).

Ethylacetat the Trooper (Vine Stalker Monk)         Turns: 2207, Time: 00:03:57

Health: -1/33      AC:  2    Str: 13    XL:     6   Next: 48%
Magic:  0/19       EV: 13    Int: 10    God:
Gold:   112        SH:  0    Dex: 19    Spells: 9/9 levels left

rFire   . . .        n - +2 dagger (holy)
rCold   . . .        c - orb {light}
rNeg    . . .        a - +0 robe
rPois   .            (helmet currently unavailable)
rElec   .            (cloak currently unavailable)
rCorr   .            (gloves currently unavailable)
SInv    .            (boots currently unavailable)
Will    .....        (no amulet)
Stlth   +            e - ring of magical power
HPRegen 1.05/turn    (no ring)
MPRegen 0.16/turn

%: guardian spirit
@: beast-form, hasted, glowing, slow
A: beast (slay +1), fangs 2, regeneration 1, magic shield, antimagic bite, no
potion heal 2
a: Begin Untransformation


You were on level 4 of the Dungeon.
You were a hulking beast.
You visited 1 branch of the dungeon, and saw 4 of its levels.

You collected 112 gold pieces.

Inventory:

Hand Weapons
 n - a +2 dagger of holy wrath (weapon)
Missiles
 m - 4 atropa-tipped darts
 u - 2 poisoned darts
Armour
 a - a +0 robe (worn)
 c - an orb of light (worn)
Jewellery
 e - a ring of magical power (left hand)
Talismans
 p - a beast talisman (active)
Wands
 r - a wand of flame (6)
 t - a wand of light (1)
Scrolls
 f - a scroll of poison {unknown}
 g - a scroll of noise {unknown}
 h - 2 scrolls of fog {unknown}
 l - a scroll of amnesia {unknown}
 o - a scroll of identify {unknown}
 s - a scroll of vulnerability {unknown}
Potions
 b - a potion of ambrosia
 d - a potion of haste
 i - 4 potions of might {unknown}
 j - 2 potions of heal wounds {unknown}
 k - 2 potions of curing {unknown}
 q - a potion of enlightenment {unknown}


   Skills:
 + Level 4.1 Fighting
 - Level 2.9 Dodging
 - Level 3.5 Unarmed Combat
 + Level 2.4 Spellcasting
 * Level 2.6 Shapeshifting


You had 9 spell levels left.
You didn't know any spells.
Your spell library contained the following spells:

 Spells                   Type           Power      Damage    Failure   Level
 Wereblood                Tmut           1%         N/A       41%         2
 Animate Armour           Summ/Erth      2%         N/A       96%         4
 Summon Lightning Spire   Summ/Air       1%         N/A       96%         4
 Irradiate                Conj/Tmut      0%         3d11      100%        5
 Lee's Rapid Deconstruct  Erth           0%         3d4*      100%        5


Dungeon Overview and Level Annotations

Branches:
Dungeon (4/15)
 Temple: D:4-7

Altars:
Cheibriados
Kikubaaqudgha


Innate Abilities, Weirdness & Mutations

You are a hulking beast.
Your limbs bulge with bestial killing power. (Slay +1)
You have extremely sharp teeth.
Your natural rate of healing is unusually fast.
When hurt, damage is shared between your health and your magic reserves.
Your bite disrupts and absorbs the magic of your enemies.
Potions cannot restore your health.


Message History

You hear the brisk rusting of a distant drain.
A gnoll comes into view. It is wielding a +0 spear.
The gnoll shouts!
You hear an angry hiss.
You see here 2 poisoned darts.
u - 2 poisoned darts An iguana comes into view.
A gnoll comes into view. It is wielding a +0 spear.
The gnoll shouts!
You hear a shout!
The gnoll hits you from afar with a +0 spear.
The gnoll barely misses you. The iguana closely misses you.
You hit the iguana. Your bite misses the iguana.
The iguana is lightly wounded.
The iguana closely misses you.
The gnoll hits you from afar with a +0 spear!
The iguana attacks as you move away! The iguana closely misses you.
The iguana attacks as you move away!
The iguana bites you but does no damage.
The gnoll misses you. The iguana barely misses you.
The iguana attacks as you move away! The iguana closely misses you.
The gnoll completely misses you. The iguana bites you!
Found a club.
The iguana barely misses you.
You see here 4 gold pieces.
The iguana attacks as you move away! The iguana bites you!
* * * LOW HITPOINT WARNING * * *
You barely miss the iguana. Your bite misses the iguana. The iguana misses you.
You hit the iguana. Your bite misses the iguana.
The iguana is lightly wounded.
The iguana barely misses you. The iguana bites you!
* * * LOW HITPOINT WARNING * * *
It was a potion of haste.
You feel yourself speed up. The iguana barely misses you.
The gnoll hits you from afar with a +0 spear.
* * * LOW HITPOINT WARNING * * *
Okay, then.
You see here a +0 club.
The iguana attacks as you move away! The iguana bites you!
* * * LOW HITPOINT WARNING * * *
The iguana attacks as you move away! The iguana bites you.
You die...

.....##.# #... .. #.
#.#...##.#.###.
.#.###.###.##..##.#.# #.
.........#.##..g..#.###.
.........#.##.g#........
.........#.##..#g.#$....
.........#.##..#gg......
.........#.##).##..####.
#.....hl.g.gg.##...###.
#..######.....##....##.
#..............
########.##.... #.###...
#.# #... #.# #... #.#
#... ...>


You could see an iguana and 3 gnolls.

Vanquished Creatures
  Grinder (D:4)
  2 adders
  3 gnolls (D:3)
  A dart slug (D:1)
  3 orcs
  8 bats
  4 endoplasms
  4 giant cockroaches
  3 goblins
  2 hobgoblins (D:4)
  7 jackals (D:3)
  2 quokkas (D:1)
  3 ball pythons
  4 frilled lizards
  11 kobolds
  3 rats
61 creatures vanquished.

Notes
Turn   | Place    | Note
-------+----------+-------------------------------------------
     0 | D:1      | Ethylacetat the Vine Stalker Monk began the quest for the
                  | Orb.
     0 | D:1      | Reached XP level 1. HP: 11/11 MP: 2/2
   160 | D:1      | Reached XP level 2. HP: 16/16 MP: 3/3
   328 | D:1      | Reached skill level 3 in Fighting
   610 | D:1      | Reached XP level 3. HP: 20/20 MP: 4/4
  1086 | D:2      | Found a snail-covered altar of Cheibriados.
  1266 | D:3      | Gained mutation: Your natural rate of healing is unusually
                  | fast. [Vine Stalker growth]
  1266 | D:3      | Reached XP level 4. HP: 13/24 MP: 5/5
  1401 | D:3      | Found an ancient bone altar of Kikubaaqudgha.
  1436 | D:3      | Reached skill level 1 in Spellcasting
  1695 | D:3      | Found a faded altar of an unknown god.
  1824 | D:3      | Reached skill level 1 in Shapeshifting
  1945 | D:3      | Prayed at the altar of an unknown god.
  1945 | D:3      | Became a worshipper of Cheibriados the Contemplative
  1945 | D:3      | Reached * piety under Cheibriados
  1945 | D:3      | Reached ** piety under Cheibriados
  1946 | D:3      | Fell from the grace of Cheibriados
  2153 | D:4      | Reached XP level 5. HP: 28/28 MP: 8/8
  2161 | D:4      | Noticed Grinder
  2181 | D:4      | Killed Grinder
  2182 | D:4      | Reached skill level 4 in Fighting
  2182 | D:4      | Reached XP level 6. HP: 16/33 MP: 8/10
  2207 | D:4      | Slain by an iguana

Illustrated notes

Levels and vault maps discovered:
D:1:      lemuel_arrival_funnel, layout_loops_ring, kennysheep_minor_cross,
          grunt_decor_one_mirror
D:2:      layout_rooms, basic_altar
D:3:      layout_loops_ring, mainiacjoe_overflow_small_starburst,
          hellmonk_ecumenical_altar_inner_sanctum, minmay_crystal_water,
          st_stairs_10
D:4:      layout_basic, portal_sewer_entry_e, uniq_duvessa, uniq_grinder

Skill      XL: |  1  2  3  4  5 |
---------------+----------------+-----
Fighting       | 3 4 |  4.1
Spellcasting   | 1 2 |  2.4
Shapeshifting  | 1 2 |  2.6
Dodging        | |  2.9
Unarmed Combat | |  3.5

Action                     |  1- 3 |  4- 6 || total
---------------------------+-------+-------++-------
  Melee: Unarmed           |    77 |       ||    77
         Bite              |    27 |    25 ||    52
         Dagger            |    11 |    80 ||    91
 Invoke: Renounce Religion |       |     1 ||     1
    Use: Potion            |       |     1 ||     1
   Stab: Sleeping          |     1 |       ||     1
 Armour: Robe              |    14 |    14 ||    28
  Dodge: Dodged            |    49 |    54 ||   103
   Form: Beast             |       |     1 ||     1

Table legend: (Time is in decaauts)
 A = Elapsed time spent in this place.
 B = Non-inter-level travel time spent in this place.
 C = Inter-level travel time spent in this place.
 D = Time resting spent in this place.
 E = Time spent auto-exploring this place.
 F = Levels seen in this place.
 G = Mean time per level.
                   A        B        C        D        E       F      G
               +--------+--------+--------+--------+--------+-----+--------+
         Total |   2299 |   2174 |    125 |      0 |   1661 |   4 |  574.8 |
       Dungeon |   2299 |   2174 |    125 |      0 |   1661 |   4 |  574.8 |
               +--------+--------+--------+--------+--------+-----+--------+

Top non-repeatable levels by time:
     D:3: 845 daAuts
     D:1: 733 daAuts
     D:2: 388 daAuts
     D:4: 331 daAuts
